 Dungeon Crawl Stone Soup version 0.23.2-1-ga50397a6bc (webtiles) character file.

Game seed: 17390607535115134322

46 Kojot the Firebug (level 3, 0/28 HPs)
             Began as a Demigod Fire Elementalist on Apr 27, 2019.
             Slain by an orc priest
             ... wielding a +0 mace
              (5 damage)
             ... on level 3 of the Dungeon.
             The game lasted 00:04:15 (2050 turns).

Kojot the Firebug (Demigod Fire Elementalist)       Turns: 2050, Time: 00:04:16

Health: 0/28       AC:  2    Str: 11    XL:     3   Next: 26%
Magic:  1/9        EV: 13    Int: 21    God:
Gold:   83         SH:  0    Dex: 16    Spells: 2/6 levels left

rFire    . . .     SeeInvis .   d - +1 dagger (venom)
rCold    . . .     Gourm    .   (no shield)
rNeg     . . .     Faith    .   a - +0 robe
rPois    +         Spirit   .   (helmet restricted)
rElec    .         Reflect  .   (no cloak)
rCorr    .         Harm     .   (no gloves)
MR       .....                  (no boots)
Stlth    ++........             (no amulet)
HPRegen  0.09/turn              f - ring of poison resistance
MPRegen  0.11/turn              (no ring)

@: very slightly contaminated
A: horns 1, high mp 1, robust 1
a: no special abilities


You were on level 3 of the Dungeon.
You were very hungry.

You visited 1 branch of the dungeon, and saw 3 of its levels.

You collected 83 gold pieces.

Inventory:

Hand Weapons
 b - a +6 whip
 d - a +1 dagger of venom (weapon)
Armour
 a - a +0 robe (worn)
Jewellery
 f - a ring of poison resistance (left hand)
Scrolls
 e - a scroll of remove curse
 g - a scroll of immolation {unknown}
Comestibles
 c - 6 rations


   Skills:
 + Level 2.0 Dodging
 + Level 1.9 Stealth
 + Level 2.3 Spellcasting
 + Level 1.2 Conjurations
 + Level 3.2 Fire Magic


You had 2 spell levels left.
You knew the following spells:

 Your Spells              Type           Power        Failure   Level  Hunger
a - Flame Tongue          Conj/Fire      ##...        5%          1    #......
b - Conjure Flame         Conj/Fire      ##......     17%         3    ###....

Your spell library contained the following spells:

 Spells                   Type           Power        Failure   Level  Hunger
 Throw Flame              Conj/Fire      ##....       9%          2    ##.....
 Inner Flame              Hex/Fire       #.......     22%         3    ###....
 Sticky Flame             Conj/Fire      ##......     50%         4    #####..
 Fireball                 Conj/Fire      ##........   83%         5    ######.


Dungeon Overview and Level Annotations

Branches:
Dungeon (3/15)

Annotations:
D:2 Sigmund


Innate Abilities, Weirdness & Mutations

You have an increased reservoir of magic. (+10% MP)
You have a pair of small horns on your head.
You are robust. (+10% HP)


Message History

The orc priest hits you with a +0 mace.
* * * LOW HITPOINT WARNING * * *
Casting: Flame Tongue (safe; 5% risk of failure)
Confirm with . or Enter, or press ? or * to list all spells.
Aiming: Flame Tongue (safe; 5% risk of failure)
Press: ? - help, Shift-Dir - straight line, f/p - orc priest
Aim: an orc priest, wielding a +0 mace and wearing a +0 leather armour (severely wounded)
The flame tongue hits the orc priest but does no damage.
The orc priest is severely wounded.
You are feeling very hungry.
The orc priest looks encouraged for a moment.
Casting: Flame Tongue (safe; 5% risk of failure)
Confirm with . or Enter, or press ? or * to list all spells.
Aiming: Flame Tongue (safe; 5% risk of failure)
Press: ? - help, Shift-Dir - straight line, f/p - orc priest
Aim: an orc priest, wielding a +0 mace and wearing a +0 leather armour (severely wounded)
The flame tongue misses the orc priest.
An orc comes into view. It is wielding a +0 club.
The orc priest hits you with a +0 mace.
You die...

...รท>...............# #.#
#.##.#.#..........#.## #.#
#.##>#.#.##########..###.#
#.##.#.#.# #........#.#
#.##.#.#'### #.####...#.#
...#.#.....# #.# ##..#.########
...#.#.....# #.# #..#.........
...#.#.....####.#####..##........
####............@o...............
###.###########.....##.######.
#.########.........#.#
######.......##.##....#o#.#
.......#####.##.##o...#.#.#
.....#...# #.##.##....#.#.#
###..###.# #.##.##o...#...#
......#.# #.##.##....# ..#
######.#.###.##.##....#


You could see an orc priest and an orc (wandering).

Vanquished Creatures
  A dart slug (D:1)
  2 leopard geckos (D:3)
  2 orcs (D:3)
  4 goblins
  5 hobgoblins
  2 jackals
  6 kobolds
  A ball python (D:1)
  5 bats
  3 frilled lizards
  8 rats
39 creatures vanquished.

Notes
Turn   | Place    | Note
-------+----------+-------------------------------------------
     0 | D:1      | Kojot the Demigod Fire Elementalist began the quest for the
                  | Orb.
     0 | D:1      | Reached XP level 1. HP: 14/14 MP: 5/5
   273 | D:1      | Reached skill level 3 in Fire Magic
   273 | D:1      | Reached XP level 2. HP: 20/20 MP: 4/7
   686 | D:1      | Gained mutation: You have a pair of small horns on your
                  | head. [potion of mutation]
   686 | D:1      | Gained mutation: You are robust. (+10% HP) [potion of
                  | mutation]
   849 | D:2      | Found a sparkling altar of Nemelex Xobeh.
   859 | D:1      | Reached skill level 1 in Conjurations
  1125 | D:2      | Noticed Sigmund
  1155 | D:3      | Reached XP level 3. HP: 8/28 MP: 0/9
  1295 | D:3      | Learned a level 3 spell: Conjure Flame
  1508 | D:3      | Found a shattered altar of Ashenzari.
  2050 | D:3      | Slain by an orc priest

Skill      XL: |  1  2 |
---------------+-------+-----
Dodging        | 2 |  2.0
Spellcasting   | 2 |  2.3
Fire Magic     | 3 |  3.2
Conjurations   | 1 |  1.2
Stealth        | |  1.9

Action                   || total
-------------------------++-------
Melee: Dagger            ||    17
       Headbutt          ||     3
 Cast: Flame Tongue      ||    59
       Conjure Flame     ||     1
  Use: Scroll            ||     4
       Potion            ||     3
  Eat: Chunk             ||     3
Armor: Robe              ||     5
Dodge: Dodged            ||    40
